 Dungeon Crawl Stone Soup version 0.31-a0-229-g1fc7ce93e2 (webtiles) character file.

Game seed: 16960800035156307601

73936 gnollforever the Slicer (level 15, 119/119 HPs)
             Began as a Gnoll Reaver on July 6, 2023.
             Was an Initiate of Gozag.
             Quit the game on level 11 of the Dungeon.
             The game lasted 01:40:34 (26527 turns).

gnollforever the Slicer (Gnoll Reaver)             Turns: 26527, Time: 01:40:35

Health: 119/119    AC: 13    Str: 15    XL:     15   Next: 45%
Magic:  30/30      EV: 23    Int: 16    God:    Gozag
Gold:   4081       SH: 11    Dex: 17    Spells: 16/37 levels left

rFire   . . .        b - +10 scimitar "Vulikk" {drain, rC+}
rCold   . . .        G - +4 buckler of the Four Beasts {rC- rCorr Str+2 Int+4}
rNeg    . . .        V - +3 leather armour
rPois   .            U - +0 helmet of Feasting {Regen+ Dex+3}
rElec   .            F - +0 cloak
rCorr   +            q - +0 pair of gloves
SInv    .            M - +0 pair of boots
Will    +++..        T - necklace of Bloodlust {Fury *Rage Will++ Int-3 Slay+6}
Stlth   ++++         S - +5 ring of evasion
HPRegen 1.19/turn    (no ring)
MPRegen 0.22/turn

%: random rage (50%)
@: no status effects
A: fangs 1, strong nose, distributed training
a: Renounce Religion, Potion Petition, Call Merchant, Bribe Branch


You were on level 11 of the Dungeon.
You worshipped Gozag.
Gozag was most pleased with you.
You visited 4 branches of the dungeon, and saw 20 of its levels.

You collected 7410 gold pieces.
You spent 833 gold pieces at shops.
You paid 2496 gold pieces to Gozag.

Inventory:

Hand Weapons
 a - a +5 war axe of draining
 b - the +10 scimitar "Vulikk" (weapon) {drain, rC+}
   (You found it on level 3 of the Lair of Beasts)

   rC:        It protects you from cold.
 X - a +2 short sword of electrocution
Missiles
 i - 11 boomerangs (quivered)
 r - 15 poisoned darts
 u - a curare-tipped dart
 w - 2 throwing nets
Armour
 q - a +0 pair of gloves (worn)
 F - a +0 cloak (worn)
 G - the +4 buckler of the Four Beasts (worn) {rC- rCorr Str+2 Int+4}
   (You found it on level 4 of the Lair of Beasts)

   Str:       It affects your strength (+2).
   Int:       It affects your intelligence (+4).
   rC:        It makes you vulnerable to cold.
   rCorr:     It protects you from acid and corrosion.
 M - a +0 pair of boots (worn)
 U - the +0 helmet of Feasting (worn) {Regen+ Dex+3}
   (You bought it in a shop on level 10 of the Dungeon)

   Dex:       It affects your dexterity (+3).
   Regen:     It increases your rate of health regeneration.
 V - a +3 leather armour (worn)
Magical Staves
 s - a staff of cold
Jewellery
 m - a ring of poison resistance
 S - a +5 ring of evasion (left hand)
 T - the necklace of Bloodlust (around neck) {Fury *Rage Will++ Int-3 Slay+6}
   (You found it on level 10 of the Dungeon)

   [amulet of nothing]

   Fury:      It extends the wearer's berserk rage when killing foes.
   Int:       It affects your intelligence (-3).
   Slay:      It affects your accuracy & damage with ranged weapons and melee
   (+6).
   *Rage:     It berserks you when you make melee attacks (+50% chance).
   Will:      It greatly increases your willpower.
 W - a ring of ice
 Y - a ring of fire
Wands
 j - a wand of mindburst (7)
 v - a wand of paralysis (12)
 x - a wand of iceblast (37)
 C - a wand of digging (4)
 Q - a wand of flame (31)
 Z - a wand of quicksilver (7)
Scrolls
 d - 3 scrolls of poison
 e - a scroll of enchant armour
 h - 5 scrolls of teleportation
 n - a scroll of amnesia {unknown}
 p - 2 scrolls of enchant weapon
 y - a scroll of brand weapon
 z - a scroll of fear
 A - a scroll of identify
 J - a scroll of blinking
 R - a scroll of fog {unknown}
Potions
 c - a potion of resistance
 f - a potion of attraction
 g - 2 potions of enlightenment
 k - 14 potions of curing
 l - 2 potions of haste
 o - a potion of brilliance {unknown}
 t - a potion of berserk rage {unknown}
 D - 5 potions of magic
 H - 2 potions of might
 I - a potion of cancellation {unknown}
 L - 2 potions of mutation
 N - a potion of ambrosia {unknown}
 O - 5 potions of heal wounds


   Skills:
 + Level 11.4 Fighting
 + Level 12.2 Short Blades
 + Level 10.4 Long Blades
 + Level 10.4 Axes
 + Level 10.4 Maces & Flails
 + Level 10.4 Polearms
 + Level 10.4 Staves
 + Level 10.4 Ranged Weapons
 + Level 10.4 Throwing
 + Level 10.4 Armour
 + Level 11.4 Dodging
 + Level 10.4 Stealth
 + Level 10.4 Shields
 + Level 10.4 Unarmed Combat
 + Level 11.6 Spellcasting
 + Level 10.4 Conjurations
 + Level 8.8 Hexes
 + Level 8.8 Summonings
 + Level 8.8 Necromancy
 + Level 8.8 Translocations
 + Level 8.8 Transmutations
 + Level 8.8 Fire Magic
 + Level 8.8 Ice Magic
 + Level 8.8 Air Magic
 + Level 8.8 Earth Magic
 + Level 8.8 Poison Magic
 + Level 11.4 Invocations
 + Level 10.4 Evocations


You had 16 spell levels left.
You knew the following spells:

 Your Spells              Type           Power      Damage    Failure   Level
h - Hailstorm             Conj/Ice       40%        3d10      1%          3
i - Ignite Poison         Fire/Tmut/Pois 37%        N/A       1%          3
k - Kiss of Death         Conj/Necr      100%       2d13      1%          1
m - Momentum Strike       Conj/Tloc      80%        3d10      1%          2
q - Passage of Golubria   Tloc           37%        N/A       3%          4
t - Tukima's Dance        Hex            37%        N/A       1%          3
y - Yara's Violent Unrav  Hex/Tmut       18%        3d9       9%          5

Your spell library contained the following spells:

 Spells                   Type           Power      Damage    Failure   Level
 Magic Dart               Conj           100%       1d8       1%          1
 Slow                     Hex            100%       N/A       1%          1
 Cigotuvi's Dreadful Rot  Necr/Pois/Air  74%        N/A       1%          2
 Lesser Beckoning         Tloc           74%        N/A       1%          2
 Searing Ray              Conj           84%        2d7       1%          2
 Confusing Touch          Hex            37%        N/A       1%          3
 Gell's Gravitas          Tloc           37%        N/A       1%          3
 Teleport Other           Tloc           37%        N/A       1%          3
 Vampiric Draining        Necr           37%        2d8       1%          3
 Fulminant Prism          Conj/Hex       20%        3d12      1%          4
 Freezing Cloud           Conj/Ice/Air   19%        6-21      7%          5


Dungeon Overview and Level Annotations

Branches:
Dungeon (12/15)            Temple (1/1) D:5            Lair (5/5) D:9
  Swamp (0/4) Lair:3        Snake (0/4) Lair:3        Slime (0/5) Lair:4
    Orc (2/2) D:9             Elf (0/3) Orc:2

Altars:
Cheibriados
Dithmenos
Elyvilon
Fedhas
Gozag
Kikubaaqudgha
Makhleb
Nemelex Xobeh
Okawaru
Qazlal
Ru
Sif Muna
Trog
Uskayaw
Vehumet
Wu Jian
Xom
Yredelemnul
Zin
Jiyva

Shops:
D:6 =*!(*   D:8 *   D:10 [   D:11 (   Orc:1 (=   Orc:2 [!*[

Portals:
Trove: D:11 (give 9 potions of haste)

Annotations:
D:6 Anon1729's ghost, amateur MiMo
Lair:2 exclusion: oklob plant


Innate Abilities, Weirdness & Mutations

You have very sharp teeth.
Your uncanny sense of smell can sniff out nearby items.
Your experience applies equally to all skills.


Message History

You feel yourself moving faster!
You feel mighty!
You slash the manticore! You drain the manticore.
The necklace of Bloodlust glows a violent red.
You kill the manticore!
No target in view!
You start waiting.
You feel a strong urge to attack something.
You start waiting.
You feel your anger nearly subside.
You start waiting.
You are no longer berserk.
You are exhausted.
You feel yourself slow down.
You now have 4081 gold pieces (gained 20).
There is an open door here.
You feel yourself speed up.
There is an open door here.
You recover from your berserk rage.
There is an open door here.
You open the door.
There is an open door here.
Done exploring.
There is an open door here.
You open the door.
There is an open door here.
You open the door.
There is an open door here.
There is a stone staircase leading down here.
You climb downwards.
Found an escape hatch in the ceiling.
There is a stone staircase leading up here.
You climb upwards.
There is a stone staircase leading down here.
(D) Dungeon (T) Temple (L) Lair (S) Swamp (P) Snake Pit (M) Slime Pits (O) Orcish Mines (E) Elven Halls
Where to? (Enter - D:11 @ (x,y), ? - help)
Okay, then.
Unknown command.
Unknown command.
Are you sure you want to abandon this character and quit the game? (Confirm with "yes".)

#################################
................................#
...###..........................#
................................#
...............####.......#####.#
.........##....# #.......# #.#
.(.......##....# #.......# #.#
...............####.......# #.#
................@.........#####.#
########........................#
.......##############'##........#
.......................#........#
.......................#........#
.......................#........#
.......##..............#........#
.......##......#######'#........#
.......#.......##......'........#


There were no monsters in sight!

Vanquished Creatures
  8 hydras
  Harold (Orc:1)
  4 two-headed ogres
  3 orc high priests (Orc:2)
  Amaemon (Lair:2)
  3 skysharks
  2 bog bodies (Lair:3)
  4 deep trolls (D:10)
  6 orc knights
  4 orc sorcerers (Orc:2)
  2 manticores
  3 cyclopes
  Joseph (D:10)
  A salamander (Lair:3)
  6 elephants
  8 black mambas
  An orange demon (Lair:2)
  7 cane toads
  5 rime drakes
  5 komodo dragons
  4 trolls
  6 polar bears
  6 hornets
  7 dream sheep
  Sigmund (D:3)
  20 blink frogs
  11 spriggans (Lair:5)
  A shadow (D:11)
  18 wyverns
  A basilisk (shapeshifter) (D:11)
  83 yaks
  3 wraiths
  11 basilisks
  4 humans (D:8)
  A steam dragon (D:6)
  Eustachio (D:4)
  A dancing weapon (D:10)
  A warg (Orc:2)
  2 acid dragons
  2 vampire mosquitoes (D:11)
  A hell hound (Lair:5)
  21 water moccasins
  17 orc warriors
  A sky beast (D:7)
  5 black bears
  8 ogres
  49 wolves
  A centaur (D:9)
  5 boggarts
  Blork the orc (D:6)
  5 kobold brigands
  12 bullfrogs
  A gnoll sergeant (D:5)
  A scorpion (D:5)
  15 wights
  8 killer bees (D:9)
  6 howler monkeys
  3 lava snakes (Lair:3)
  5 jellies
  23 orc priests
  A sleepcap (D:6)
  Crazy Yiuf (D:4)
  5 hounds
  4 iguanas
  Natasha (twice) (D:3)
  19 orc wizards
  6 hell rats (Lair:5)
  4 gnolls (D:5)
  8 adders
  A shadow imp (D:6)
  A white imp (D:6)
  An ufetubus (D:5)
  2 worms
  3 dart slugs
  62 orcs
  6 ball pythons
  A bat (D:1)
  5 endoplasms
  A giant cockroach (D:2)
  15 hobgoblins
  3 quokkas
  A frilled lizard (D:2)
  11 goblins
  33 kobolds
  9 rats
652 creatures vanquished.

Vanquished Creatures (collateral kills)
  An orc knight (Orc:2)
  3 wights (D:10)
  An orc wizard (Orc:2)
  An orc (D:10)
6 creatures vanquished.

Vanquished Creatures (others)
  2 dancing weapons (D:10)
  An orc wizard (Orc:2)
3 creatures vanquished.

Grand Total: 661 creatures vanquished

Notes
Turn   | Place    | Note
-------+----------+-------------------------------------------
     0 | D:1      | gnollforever the Gnoll Reaver began the quest for the Orb.
     0 | D:1      | Reached XP level 1. HP: 20/20 MP: 6/6
   209 | D:1      | Reached XP level 2. HP: 21/26 MP: 7/7
   725 | D:2      | Learned a level 2 spell: Momentum Strike
   987 | D:2      | Reached skill level 5 in Spellcasting
   987 | D:2      | Reached XP level 3. HP: 31/31 MP: 7/9
  1219 | D:2      | Reached skill level 1 in Invocations
  1357 | D:2      | Reached skill level 1 in Long Blades
  1357 | D:2      | Reached skill level 1 in Axes
  1357 | D:2      | Reached skill level 1 in Maces & Flails
  1357 | D:2      | Reached skill level 1 in Polearms
  1357 | D:2      | Reached skill level 1 in Staves
  1357 | D:2      | Reached skill level 1 in Ranged Weapons
  1357 | D:2      | Reached skill level 1 in Throwing
  1357 | D:2      | Reached skill level 1 in Armour
  1357 | D:2      | Reached skill level 1 in Stealth
  1357 | D:2      | Reached skill level 1 in Shields
  1357 | D:2      | Reached skill level 1 in Unarmed Combat
  1357 | D:2      | Reached skill level 1 in Evocations
  1606 | D:2      | Reached XP level 4. HP: 34/38 MP: 11/11
  1881 | D:2      | Learned a level 3 spell: Hailstorm
  1991 | D:3      | Found an ancient bone altar of Kikubaaqudgha.
  2081 | D:3      | Noticed Sigmund
  2310 | D:2      | Reached skill level 1 in Hexes
  2310 | D:2      | Reached skill level 1 in Summonings
  2310 | D:2      | Reached skill level 1 in Necromancy
  2310 | D:2      | Reached skill level 1 in Translocations
  2310 | D:2      | Reached skill level 1 in Transmutations
  2310 | D:2      | Reached skill level 1 in Fire Magic
  2310 | D:2      | Reached skill level 1 in Ice Magic
  2310 | D:2      | Reached skill level 1 in Air Magic
  2310 | D:2      | Reached skill level 1 in Earth Magic
  2310 | D:2      | Reached skill level 1 in Poison Magic
  2310 | D:2      | Reached XP level 5. HP: 33/43 MP: 9/12
  2795 | D:3      | Noticed Natasha
  2808 | D:3      | Killed Natasha
  2953 | D:3      | Found a faded altar of an unknown god.
  2958 | D:3      | Reached XP level 6. HP: 50/50 MP: 13/13
  3009 | D:3      | Noticed Natasha
  3035 | D:3      | Killed Natasha
  3122 | D:3      | Reached skill level 5 in Fighting
  3122 | D:3      | Reached skill level 5 in Dodging
  3476 | D:3      | Killed Sigmund
  3477 | D:3      | Reached skill level 7 in Short Blades
  3477 | D:3      | Reached XP level 7. HP: 56/56 MP: 12/15
  3968 | D:4      | Found a runed translucent door.
  3969 | D:4      | Noticed Crazy Yiuf
  3976 | D:4      | Killed Crazy Yiuf
  4038 | D:4      | Noticed Eustachio
  4057 | D:4      | Killed Eustachio
  4668 | D:5      | Entered Level 5 of the Dungeon
  4811 | D:5      | Reached XP level 8. HP: 23/63 MP: 3/16
  5077 | D:5      | Found an iron altar of Okawaru.
  5079 | D:5      | Found a stormy altar of Qazlal.
  5666 | D:5      | Found a staircase to the Ecumenical Temple.
  5678 | Temple   | Entered the Ecumenical Temple
  5709 | Temple   | Became a worshipper of Gozag Ym Sagoz the Greedy
  5989 | D:6      | Noticed Blork the orc
  6000 | D:6      | Killed Blork the orc
  6093 | D:6      | Found Acyasiull's Jewellery Shoppe.
  6307 | D:6      | Found Agixudwo's General Store.
  6310 | D:6      | Bought a +0 pair of boots for 63 gold pieces
  6380 | D:6      | Found Juddus's Antique Weapon Shoppe.
  6597 | D:6      | Reached XP level 9. HP: 69/69 MP: 18/18
  6695 | D:6      | Found Luennowk's Overcharged Wands.
  6990 | D:6      | Found a large runed translucent door.
  6990 | D:6      | Found a large runed translucent door.
  6995 | D:6      | Noticed Anon1729's ghost (amateur MiMo)
  7044 | D:6      | Found Biumicle's Distillery.
  7048 | D:6      | Bought a potion of degeneration for 12 gold pieces
  7048 | D:6      | Bought 2 potions of heal wounds for 120 gold pieces
  7410 | D:7      | Noticed a hornet
  7415 | D:7      | Paralysed by a hornet for 2 turns
  7420 | D:7      | Killed a hornet
  7924 | D:7      | Reached skill level 8 in Short Blades
  8649 | D:8      | Reached skill level 5 in Invocations
  8664 | D:8      | Found Weec Liduuf's Assorted Antiques.
  8916 | D:8      | Found a snail-covered altar of Cheibriados.
  9218 | D:8      | Reached skill level 5 in Long Blades
  9218 | D:8      | Reached skill level 5 in Axes
  9218 | D:8      | Reached skill level 5 in Maces & Flails
  9218 | D:8      | Reached skill level 5 in Polearms
  9218 | D:8      | Reached skill level 5 in Staves
  9218 | D:8      | Reached skill level 5 in Ranged Weapons
  9218 | D:8      | Reached skill level 5 in Throwing
  9218 | D:8      | Reached skill level 5 in Armour
  9218 | D:8      | Reached skill level 5 in Stealth
  9218 | D:8      | Reached skill level 5 in Shields
  9218 | D:8      | Reached skill level 5 in Unarmed Combat
  9218 | D:8      | Reached skill level 5 in Evocations
  9392 | D:8      | Reached XP level 10. HP: 57/77 MP: 20/20
  9956 | D:8      | Found a blossoming altar of Fedhas.
  9959 | D:8      | Found a hide-covered altar of Uskayaw.
 12194 | D:9      | Reached skill level 9 in Short Blades
 12259 | D:9      | Reached skill level 5 in Hexes
 12259 | D:9      | Reached skill level 5 in Summonings
 12259 | D:9      | Reached skill level 5 in Necromancy
 12259 | D:9      | Reached skill level 5 in Translocations
 12259 | D:9      | Reached skill level 5 in Transmutations
 12259 | D:9      | Reached skill level 5 in Fire Magic
 12259 | D:9      | Reached skill level 5 in Ice Magic
 12259 | D:9      | Reached skill level 5 in Air Magic
 12259 | D:9      | Reached skill level 5 in Earth Magic
 12259 | D:9      | Reached skill level 5 in Poison Magic
 12344 | D:9      | Found a staircase to the Lair.
 12373 | D:9      | Reached XP level 11. HP: 75/77 MP: 18/22
 13613 | D:9      | Noticed a two-headed ogre
 13638 | D:9      | Killed a two-headed ogre
 14062 | D:9      | Found a staircase to the Orcish Mines.
 14324 | D:10     | Entered Level 10 of the Dungeon
 14415 | D:10     | Noticed a two-headed ogre
 14423 | D:10     | Killed a two-headed ogre
 14479 | D:10     | Noticed Joseph
 14498 | D:10     | Killed Joseph
 14565 | D:10     | Learned a level 3 spell: Tukima's Dance
 14570 | D:10     | Learned a level 4 spell: Passage of Golubria
 14576 | D:10     | Learned a level 5 spell: Yara's Violent Unravelling
 15413 | D:10     | Learned a level 3 spell: Ignite Poison
 15635 | D:10     | Noticed a deep troll
 15635 | D:10     | Noticed a deep troll
 15655 | D:10     | Killed a deep troll
 15690 | D:10     | Noticed a deep troll
 15702 | D:10     | Killed a deep troll
 15703 | D:10     | Reached XP level 12. HP: 44/94 MP: 20/24
 15914 | D:10     | Found the necklace of Bloodlust {Fury *Rage Will++ Int-3
                  | Slay+6}
 15936 | D:10     | Bought the +0 helmet of Feasting {Regen+ Dex+3} for 213
                  | gold pieces
 16105 | Lair:1   | Entered Level 1 of the Lair of Beasts
 16283 | Lair:1   | Reached skill level 10 in Short Blades
 16966 | Lair:2   | Noticed an eight-headed hydra
 17158 | Lair:2   | Noticed Amaemon
 17172 | Lair:2   | Killed Amaemon
 17262 | Lair:2   | Noticed a skyshark
 17273 | Lair:2   | Killed a skyshark
 17274 | Lair:2   | Reached XP level 13. HP: 101/101 MP: 26/26
 17796 | Lair:2   | Reached skill level 10 in Spellcasting
 18258 | Lair:3   | Reached skill level 10 in Fighting
 18258 | Lair:3   | Reached skill level 11 in Short Blades
 18258 | Lair:3   | Reached skill level 10 in Dodging
 18444 | Lair:3   | Found a staircase to the Swamp.
 18517 | Lair:3   | Identified the +10 scimitar "Vulikk" {drain, rC+}
 18686 | Lair:3   | Found a staircase to the Snake Pit.
 19577 | Lair:4   | Reached XP level 14. HP: 63/110 MP: 28/28
 19579 | Lair:4   | Reached skill level 10 in Invocations
 19906 | Lair:4   | Identified the +4 buckler of the Four Beasts {rC- rCorr
                  | Str+2 Int+4}
 20157 | Lair:4   | Found a viscous altar of Jiyva.
 20157 | Lair:4   | Found a staircase to the Slime Pits.
 20534 | Lair:5   | Entered Level 5 of the Lair of Beasts
 21240 | Lair:5   | HP: 5/166 [12-headed hydra (8)]
 21525 | Lair:5   | Paralysed by a hornet for 1 turns
 22521 | Lair:5   | Reached skill level 10 in Conjurations
 23036 | Lair:5   | Reached skill level 10 in Long Blades
 23036 | Lair:5   | Reached skill level 10 in Axes
 23036 | Lair:5   | Reached skill level 10 in Maces & Flails
 23036 | Lair:5   | Reached skill level 10 in Polearms
 23036 | Lair:5   | Reached skill level 10 in Staves
 23036 | Lair:5   | Reached skill level 10 in Ranged Weapons
 23036 | Lair:5   | Reached skill level 10 in Throwing
 23036 | Lair:5   | Reached skill level 10 in Armour
 23036 | Lair:5   | Reached skill level 10 in Stealth
 23036 | Lair:5   | Reached skill level 10 in Shields
 23036 | Lair:5   | Reached skill level 10 in Unarmed Combat
 23036 | Lair:5   | Reached skill level 10 in Evocations
 23092 | Lair:5   | Identified the +9 halberd "Qunuirra" {heavy, rC+ Str+2}
 23544 | Orc:1    | Entered Level 1 of the Orcish Mines
 23578 | Orc:1    | Noticed Harold
 23587 | Orc:1    | Killed Harold
 23722 | Orc:2    | Entered Level 2 of the Orcish Mines
 23722 | Orc:2    | Found a staircase to the Elven Halls.
 23730 | Orc:2    | Reached XP level 15. HP: 118/118 MP: 30/30
 23881 | Orc:2    | Reached skill level 12 in Short Blades
 23926 | Orc:2    | Found Omirurchu's Distillery.
 23926 | Orc:2    | Found Kosem's General Store.
 24271 | Orc:2    | Found Xauc's Antique Armour Boutique.
 24271 | Orc:2    | Found Jeropul's Armour Shoppe.
 25627 | D:11     | Found Tihip's Antique Weapon Shoppe.
 25648 | D:11     | Bought a pitted battleaxe for 425 gold pieces
 25648 | D:11     | Identified the +2 battleaxe "Temear" {flame, rN+} (You
                  | bought it in a shop on level 11 of the Dungeon)
 25962 | D:11     | Found a portal to a secret trove of treasure.
 26527 | D:11     | Quit the game

Illustrated notes

Levels and vault maps discovered:
D:1:      denvon_arrival_planthouse, layout_rooms
D:2:      layout_loops_corners, minivault_26
D:3:      wad_lake_hut, layout_rooms, marbit_many_paths,
          chequers_ecumenical_altar_lobes, nrook_mini_vaults, uniq_sigmund,
          uniq_natasha
D:4:      layout_basic, uniq_crazy_yiuf_cottage, uniq_eustachio
D:5:      corexii_shack_village, layout_loops_ring,
          nicolae_overflow_hidden_temple, temple_pool_b
D:6:      layout_gridville, ebering_ghost_disaster_area, serial_shops,
          nicolae_shop_back_alley_shop, shop_statue, kennysheep_mini,
          shop_fountains, amcnicky_mini_pool_small,
          nicolae_shop_overcharged_wands, uniq_blork_the_orc
D:7:      layout_basic, corexii_leaking_fountain
D:8:      minmay_spotlight, layout_basic, slow_altar_1,
          chequers_temple_overflow_statue_of_worship, nicolae_stop_n_shop_1,
          minmay_ruffians
D:9:      minmay_evil_eye, layout_small_grid, minmay_lair_entry_grove,
          erik_orc_2, minmay_misc_feat_rows
D:10:     layout_irregular_city, hellmonk_guarded_unrand_vitality_bloodlust,
          uniq_joseph
D:11:     layout_stronghold, serial_shops, shop, enter_trove_2
D:12:     layout_basic, serial_ice, serial_ice_c, serial_ice_d, serial_ice_m,
          serial_ice_i, uniq_josephine
Temple:   nicolae_temple_ecumenical_triangle
Lair:1:   layout_long_grid, beast_lair_carwin_6, infiniplex_staircase_pool_2,
          serial_bayou_shore_b, grunt_megastairs_3, lemuel_fruit_fields
Lair:2:   hellmonk_destroyed_diamonds, layout_regular_city, uniq_amaemon
Lair:3:   layout_cave_pods, skrybe_swamp_entry_bodies,
          nicolae_snake_entry_warm_welcome, lemuel_old_faithful
Lair:4:   layout_small_grid, dpeg_slime_entry_enclosed, grunt_megastairs_5
Lair:5:   minmay_lair_end_enchanted_forest, layout_loops_ring, special_room
          [special_room_mythical_zoo]
Orc:1:    layout_diamond_mine, uniq_harold
Orc:2:    grunt_orc_tribal_feast, layout_caves, basic_altar,
          nicolae_orc_flooded_monolith

Skill      XL: |  1  2  3  4  5  6  7  8  9 10 11 12 13 14 15 |
---------------+----------------------------------------------+-----
Spellcasting   | 5 6 7 8 9 10 11 | 11.6
Invocations    | 1 2 3 4 5 6 7 8 9 10 11 | 11.4
Long Blades    | 1 2 3 5 6 7 8 9 10 | 10.4
Axes           | 1 2 3 5 6 7 8 9 10 | 10.4
Maces & Flails | 1 2 3 5 6 7 8 9 10 | 10.4
Polearms       | 1 2 3 5 6 7 8 9 10 | 10.4
Staves         | 1 2 3 5 6 7 8 9 10 | 10.4
Ranged Weapons | 1 2 3 5 6 7 8 9 10 | 10.4
Throwing       | 1 2 3 5 6 7 8 9 10 | 10.4
Armour         | 1 2 3 5 6 7 8 9 10 | 10.4
Stealth        | 1 2 3 5 6 7 8 9 10 | 10.4
Shields        | 1 2 3 5 6 7 8 9 10 | 10.4
Unarmed Combat | 1 2 3 5 6 7 8 9 10 | 10.4
Evocations     | 1 2 3 5 6 7 8 9 10 | 10.4
Hexes          | 1 2 3 4 5 6 7 8 |  8.8
Summonings     | 1 2 3 4 5 6 7 8 |  8.8
Necromancy     | 1 2 3 4 5 6 7 8 |  8.8
Translocations | 1 2 3 4 5 6 7 8 |  8.8
Transmutations | 1 2 3 4 5 6 7 8 |  8.8
Fire Magic     | 1 2 3 4 5 6 7 8 |  8.8
Ice Magic      | 1 2 3 4 5 6 7 8 |  8.8
Air Magic      | 1 2 3 4 5 6 7 8 |  8.8
Earth Magic    | 1 2 3 4 5 6 7 8 |  8.8
Poison Magic   | 1 2 3 4 5 6 7 8 |  8.8
Fighting       | 5 6 7 8 9 10 11 | 11.4
Dodging        | 5 6 7 8 9 10 11 | 11.4
Short Blades   | 7 8 9 10 11 12 | 12.2
Conjurations   | 6 7 8 9 10 | 10.4

Action                     |  1- 3 |  4- 6 |  7- 9 | 10-12 | 13-15 || total
---------------------------+-------+-------+-------+-------+-------++-------
  Melee: Short sword       |    72 |       |       |    89 |       ||   161
         Bite              |    14 |    12 |    33 |    51 |    84 ||   194
         Dagger            |    60 |    75 |   146 |    95 |       ||   376
         Punch             |     1 |     1 |     5 |    19 |    37 ||    63
         War axe           |       |     6 |   160 |   268 |   348 ||   782
         Scimitar          |       |       |       |       |   364 ||   364
   Fire: Sling             |       |       |     3 |       |       ||     3
         Orcbow            |       |       |       |    19 |       ||    19
  Throw: Dart              |       |     5 |   117 |   129 |    24 ||   275
         Throwing net      |       |       |       |     1 |       ||     1
         Boomerang         |       |       |       |       |    18 ||    18
   Cast: Momentum Strike   |       |     8 |     8 |    12 |       ||    28
         Hailstorm         |       |       |     9 |    42 |     3 ||    54
         Kiss of Death     |       |       |     1 |     2 |       ||     3
         Tukima's Dance    |       |       |       |    12 |       ||    12
         Ignite Poison     |       |       |       |     8 |     7 ||    15
 Invoke: Call Merchant     |       |       |       |     1 |     2 ||     3
  Evoke: Wand              |       |       |    12 |    16 |       ||    28
    Use: Scroll            |     4 |       |     5 |     6 |     7 ||    22
         Potion            |       |       |     2 |     1 |     2 ||     5
   Stab: Sleeping          |       |     1 |     6 |     4 |    11 ||    22
         Paralysed         |       |       |     2 |     1 |       ||     3
         Distracted        |       |       |     1 |     3 |     9 ||    13
 Armour: Leather armour    |    20 |    17 |       |    45 |   136 ||   218
         Robe              |       |       |    77 |    47 |       ||   124
  Dodge: Dodged            |    61 |    51 |   201 |   324 |   624 ||  1261
  Block: Buckler           |       |       |       |       |   118 ||   118

Table legend: (Time is in decaauts)
 A = Elapsed time spent in this place.
 B = Non-inter-level travel time spent in this place.
 C = Inter-level travel time spent in this place.
 D = Time resting spent in this place.
 E = Time spent auto-exploring this place.
 F = Levels seen in this place.
 G = Mean time per level.
                   A        B        C        D        E       F      G
               +--------+--------+--------+--------+--------+-----+--------+
         Total |  27284 |  25368 |   1916 |   3426 |  16053 |  20 | 1364.2 |
       Dungeon |  17207 |  15784 |   1423 |   1426 |  10984 |  12 | 1433.9 |
        Temple |     44 |     32 |     12 |      0 |     18 |   1 |   44.0 |
          Lair |   8150 |   7868 |    282 |   1691 |   4168 |   5 | 1630.0 |
  Orcish Mines |   1881 |   1683 |    198 |    308 |    883 |   2 |  940.5 |
               +--------+--------+--------+--------+--------+-----+--------+

Top non-repeatable levels by time:
     D:9: 3662 daAuts
     D:8: 2535 daAuts
  Lair:5: 2450 daAuts
  Lair:4: 1862 daAuts
  Lair:3: 1560 daAuts
    D:10: 1499 daAuts
     D:2: 1399 daAuts
     D:6: 1370 daAuts
     D:3: 1355 daAuts
  Lair:2: 1298 daAuts
     D:4: 1266 daAuts
     D:5: 1216 daAuts
     D:7: 1147 daAuts
   Orc:2: 1141 daAuts
    D:11: 1022 daAuts
